 Dungeon Sprint DCSS version 0.30.0-30-g96aa6591b8 (webtiles) character file.

Game seed: 3089240742773105580

666117 Groucho the Minotaur Barricade (level 23, 242/242 HPs)
             Began as a Minotaur Fighter on June 28, 2023.
             Was the Champion of Qazlal.
             Escaped with the Orb!
             The game lasted 02:08:52 (39532 turns).

Groucho the Minotaur Barricade (Minotaur Fighter)  Turns: 39532, Time: 02:08:53

Health: 242/242    AC: 47    Str: 31    XL:     23   Next: 0%
Magic:  62/62      EV: 30    Int:  7    God:    Qazlal [******]
Gold:   0          SH: 46    Dex: 17    Spells: 76/76 levels left

rFire   . . .        a - +2 Maxwell's thermic engine {flame, freeze, rev}
rCold   + . .        F - +18 shield of the Gong {Loud rN+ Will+ rCorr EV-5}
rNeg    + + .        E - +15 Maxwell's patent armour {-Cast -Tele rElec Will+ rCorr}
rPois   +            X - +2 hood of the Assassin {Detect Stab+ Stlth++}
rElec   +            x - +2 cloak {rPois}
rCorr   +            l - +0 pair of gloves "Umumotoc" {Int+2}
SInv    .            (no boots)
Will    ++++.        t - macabre finger necklace {Finger+ rN+}
Stlth   +            W - ring of Annuty {rC+ Will+ Str+6}
HPRegen 0.60/turn    v - ring of the Hare {EV+10}
MPRegen 0.38/turn    s - ring of the Octopus King {HP+2 MP+9 AC+2 EV+2 SH+2}

%: no teleportation, no spellcasting, repel missiles
@: studying 3 skills
A: horns 2, retaliatory headbutt, inhibited regeneration, subdued magic 1
0: Orb of Zot
a: Renounce Religion, Upheaval, Elemental Force, Disaster Area


You escaped.
You worshipped Qazlal.
Qazlal was exalted by your worship.
You visited 1 branch

Inventory:

Hand Weapons
 a - the +2 Maxwell's thermic engine (weapon) {flame, freeze, rev}
   (You took it off a draconian annihilator in the Dungeon)
 y - the +8 arc blade {discharge, rElec}
   (You found it in the Dungeon)

   rElec:     It insulates you from electricity.
 A - the +6 Majin-Bo {spellvamp, MP+6 Int+6}
   (You found it in the Dungeon)

   Int:       It affects your intelligence (+6).
   MP:        It affects your magic capacity (+6).
 B - the +10 dark maul {heavy}
   (You found it in the Dungeon)
 C - the +27 heavy crossbow "Sniper" {heavy, Acc+∞ SInv}
   (You found it in the Dungeon)

   Acc+∞: It never misses its target.
   SInv:      It lets you see invisible.
 D - the +16 obsidian axe {drain, demonic, Mesm Drain Fly SInv}
   (You found it in the Dungeon)

   Mesm:      Its wielder is mesmerised by any visible foes, and it cannot be
   unequipped while any foes are visible.
   SInv:      It lets you see invisible.
   Fly:       It grants you flight.
   Drain:     It drains your maximum health when unequipped.
 G - the +11 Singing Sword {sonic wave}
   (You found it in the Dungeon)
 H - the +7 great mace "Firestarter" {flame, immolate, rFlCloud rF++}
   (You found it in the Dungeon)

   rFlCloud:  It grants immunity to clouds of flame.
   rF:        It greatly protects you from fire.
 I - the +8 lance "Wyrmbane" {slay drac, rPois rF+ rC+ AC+3}
   (You found it in the Dungeon)

   AC:        It affects your AC (+3).
   rF:        It protects you from fire.
   rC:        It protects you from cold.
   rPois:     It protects you from poison.
 J - the +7 mace of Variability {chaos, chaos arc}
   (You found it in the Dungeon)
 K - the +11 plutonium sword {Contam Stlth-}
   (You found it in the Dungeon)

   Contam:    It causes magical contamination when unequipped.
   Stlth:     It makes you less stealthy.
 L - the +13 scythe of Curses {drain, curses, Drain}
   (You found it in the Dungeon)

   Drain:     It drains your maximum health when unequipped.
 M - the +6 shillelagh "Devastator" {shatter}
   (You found it in the Dungeon)
 N - the +8 storm bow {elec, penet}
   (You found it in the Dungeon)
 O - the +9 sword of Power {lifebolt}
   (You found it in the Dungeon)
 P - the +9 sword of Zonguldrok {reap}
   (You found it in the Dungeon)
 R - the +12 glaive of Prune {freeze, Prune}
   (You found it in the Dungeon)

   Prune:     It halves damage taken while paralysed, petrified or unconscious.
 T - the +10 zealot's sword {holy, Zealotry, *Rage rN+ EV+3}
   (You took it off a deep elf annihilator in the Dungeon)

   Zealotry:  Whenever the wielder enters a berserk rage, their allies are
   berserked alongside them.
   EV:        It affects your evasion (+3).
   rN:        It protects you from negative energy.
   *Rage:     It berserks you when you make melee attacks (+20% chance).
 V - the +5 Lochaber axe {reach-cleave, Poleaxe Drain}
   (You took it off a deep elf zephyrmancer in the Dungeon)

   Poleaxe:   It uses either Axes or Polearms skill, whichever is higher.
   Drain:     It drains your maximum health when unequipped.
 Z - the +7 captain's cutlass {speed, disarm}
   (You found it in the Dungeon)
Armour
 l - the +0 pair of gloves "Umumotoc" (worn) {Int+2}
   (You found it in the Dungeon)

   Int:       It affects your intelligence (+2).
 p - +5 gold dragon scales
 x - a +2 cloak of poison resistance (worn)
 E - the +15 Maxwell's patent armour (worn) {-Cast -Tele rElec Will+ rCorr}
   (You found it in the Dungeon)

   rElec:     It insulates you from electricity.
   -Cast:     It prevents spellcasting.
   -Tele:     It prevents most forms of teleportation.
   rCorr:     It protects you from acid and corrosion.
   Will:      It increases your willpower.
 F - the +18 shield of the Gong (worn) {Loud rN+ Will+ rCorr EV-5}
   (You found it in the Dungeon)

   Loud:      It is deafeningly noisy when blocking attacks.
   EV:        It affects your evasion (-5).
   rN:        It protects you from negative energy.
   rCorr:     It protects you from acid and corrosion.
   Will:      It increases your willpower.
 X - the +2 hood of the Assassin (worn) {Detect Stab+ Stlth++}
   (You found it in the Dungeon)

   Detect:    It allows the wearer to sense nearby creatures.
   Stab+:     It allows the wearer to make particularly effective stabbing
   attacks against helpless or unaware enemies with any weapon.
   Stlth:     It makes you much more stealthy.
Jewellery
 s - a ring of the Octopus King (on amulet) {HP+2 MP+9 AC+2 EV+2 SH+2}
   (You found it in the Dungeon)

   [ring of magical power]

   AC:        It affects your AC (+2).
   EV:        It affects your evasion (+2).
   HP:        It affects your health (+2).
   MP:        It affects your magic capacity (+9).
   SH:        It affects your SH (+2).
 t - the macabre finger necklace (around neck) {Finger+ rN+}
   (You took it off a merfolk javelineer in the Dungeon)

   [amulet of nothing]

   Finger+:   It enables you to equip an extra ring.
   rN:        It protects you from negative energy.
 u - a ring of willpower
 v - the ring of the Hare (right hand) {EV+10}
   (You took it off a draconian scorcher in the Dungeon)

   [ring of evasion]

   EV:        It affects your evasion (+10).
 z - the ring of the Tortoise {AC+8}
   (You found it in the Dungeon)

   [ring of protection]

   AC:        It affects your AC (+8).
 U - the dreamshard necklace {*Dream Drain}
   (You found it in the Dungeon)

   [amulet of nothing]

   *Dream:    It shatters if its wearer takes lethal or near-lethal damage,
   preventing the blow and releasing protective dreams that heal and fight for
   the wearer.
   Drain:     It drains your maximum health when unequipped.
 W - the ring of Annuty (left hand) {rC+ Will+ Str+6}
   (You found it in the Dungeon)

   [ring of strength]

   Str:       It affects your strength (+6).
   rC:        It protects you from cold.
   Will:      It increases your willpower.
 Y - the amulet "Goczoy" {RegenMP +Inv}
   (You found it in the Dungeon)

   [amulet of magic regeneration]

   It increases your rate of magic regeneration.
   +Inv:      It lets you turn invisible.
Wands
 q - a wand of mindburst (65)
 r - a wand of light (67)
Scrolls
 j - 4 scrolls of blinking
 m - 8 scrolls of fog
 n - 5 scrolls of identify
 o - 2 scrolls of fear
 w - a scroll of acquirement
 Q - 12 scrolls of enchant weapon
 S - 5 scrolls of brand weapon
Potions
 b - 2 potions of invisibility
 c - 4 potions of resistance
 d - 6 potions of might
 e - 10 potions of curing
 g - 18 potions of haste
 h - 5 potions of magic
 i - 3 potions of berserk rage


   Skills:
 O Level 27 Fighting
 O Level 27 Short Blades
 O Level 27 Long Blades
 O Level 27 Maces & Flails
 O Level 27 Polearms
 + Level 12.0 Throwing
 O Level 27 Armour
 O Level 27 Dodging
 O Level 27 Stealth
 O Level 27 Shields
 O Level 27 Unarmed Combat
 O Level 27 Spellcasting
 + Level 9.3 Ice Magic
 O Level 27 Invocations


You had 76 spell levels left.
You didn't know any spells.
Your spell library contained the following spells:

 Spells                   Type           Power      Damage    Failure   Level
 Freeze                   Ice            68%        1d8       1%          1
 Ensorcelled Hibernation  Hex/Ice        24%        N/A       1%          2
 Frozen Ramparts          Ice            34%        1d6       1%          3
 Ozocubu's Armour         Ice            17%        N/A       1%          3
 Hailstorm                Conj/Ice       12%        3d5       2%          3
 Apportation              Tloc           14%        N/A       6%          1
 Beastly Appendage        Tmut           14%        N/A       6%          1
 Foxfire                  Conj/Fire      28%        2x1d5     6%          1
 Kiss of Death            Conj/Necr      28%        2d7       6%          1
 Magic Dart               Conj           28%        1d4       6%          1
 Necrotise                Necr           28%        1d5       6%          1
 Sandblast                Erth           14%        2d6       6%          1
 Shock                    Conj/Air       28%        1d4       6%          1
 Sting                    Tmut/Pois      28%        1d4       6%          1
 Summon Small Mammal      Summ           28%        N/A       6%          1
 Ice Form                 Ice/Tmut       12%        N/A       9%          4
 Summon Ice Beast         Ice/Summ       12%        N/A       9%          4
 Blink                    Tloc           14%        N/A       10%         2
 Call Imp                 Summ           14%        N/A       10%         2
 Cigotuvi's Dreadful Rot  Necr/Pois/Air  14%        N/A       10%         2
 Lesser Beckoning         Tloc           14%        N/A       10%         2
 Momentum Strike          Conj/Tloc      14%        3d8       10%         2
 Passwall                 Tmut/Erth      5%         N/A       10%         2
 Poisonous Vapours        Pois/Air       14%        N/A       10%         2
 Static Discharge         Conj/Air       14%        2-3/arc   10%         2
 Wereblood                Tmut           7%         N/A       10%         2
 Call Canine Familiar     Summ           7%         N/A       19%         3
 Dazzling Flash           Conj/Hex       14%        N/A       19%         3
 Gell's Gravitas          Tloc           7%         N/A       19%         3
 Ignite Poison            Fire/Tmut/Pois 7%         N/A       19%         3
 Inner Flame              Hex/Fire       7%         N/A       19%         3
 Mephitic Cloud           Conj/Pois/Air  7%         N/A       19%         3
 Portal Projectile        Hex/Tloc       14%        N/A       19%         3
 Spider Form              Tmut/Pois      7%         N/A       19%         3
 Stone Arrow              Conj/Erth      14%        3d7       19%         3
 Summon Guardian Golem    Hex/Summ       7%         N/A       19%         3
 Swiftness                Air            7%         N/A       19%         3
 Teleport Other           Tloc           7%         N/A       19%         3
 Tukima's Dance           Hex            7%         N/A       19%         3
 Vhi's Electric Charge    Tloc/Air       14%        N/A       19%         3
 Volatile Blastmotes      Fire/Tloc      14%        2d11      19%         3
 Metabolic Englaciation   Hex/Ice        6%         N/A       26%         5
 Freezing Cloud           Conj/Ice/Air   5%         6-21      47%         5
 Airstrike                Air            3%         2d(1-17)  54%         4
 Anguish                  Hex/Necr       3%         N/A       54%         4
 Animate Armour           Summ/Erth      14%        N/A       54%         4
 Animate Dead             Necr           7%         N/A       54%         4
 Cause Fear               Hex            3%         N/A       54%         4
 Flame Wave               Conj/Fire      7%         2d5       54%         4
 Fulminant Prism          Conj/Hex       3%         3d5       54%         4
 Iskenderun's Mystic Bla  Conj/Tloc      7%         2d4       54%         4
 Leda's Liquefaction      Hex/Erth       3%         N/A       54%         4
 Olgreb's Toxic Radiance  Pois           7%         N/A       54%         4
 Passage of Golubria      Tloc           7%         N/A       54%         4
 Petrify                  Tmut/Erth      7%         N/A       54%         4
 Sticky Flame             Conj/Fire      7%         2d3       54%         4
 Summon Lightning Spire   Summ/Air       7%         N/A       54%         4
 Ozocubu's Refrigeration  Ice            8%         4d9       77%         7
 Simulacrum               Ice/Necr       6%         N/A       83%         6
 Agony                    Necr           7%         N/A       89%         5
 Alistair's Intoxication  Tmut/Pois      4%         N/A       89%         5
 Arcjolt                  Conj/Air       3%         1d13      89%         5
 Borgnjor's Vile Clutch   Necr/Erth      3%         N/A       89%         5
 Fireball                 Conj/Fire      3%         3d4       89%         5
 Irradiate                Conj/Tmut      3%         3d12      89%         5
 Iskenderun's Battlesphe  Conj           7%         2d6       89%         5
 Lee's Rapid Deconstruct  Erth           3%         3d5*      89%         5
 Silence                  Hex/Air        3%         N/A       89%         5
 Summon Forest            Summ/Tloc      3%         N/A       89%         5
 Summon Mana Viper        Hex/Summ       7%         N/A       89%         5
 Yara's Violent Unravell  Hex/Tmut       3%         3d4       89%         5
 Conjure Ball Lightning   Conj/Air       3%         3x3d6     100%        6
 Death Channel            Necr           3%         N/A       100%        6
 Dispersal                Tloc           3%         N/A       100%        6
 Eringya's Noxious Bog    Tmut/Pois      3%         N/A       100%        6
 Iron Shot                Conj/Erth      3%         9d2       100%        6
 Plasma Beam              Fire/Air       3%         2x1d15    100%        6
 Starburst                Conj/Fire      3%         6d3       100%        6
 Statue Form              Tmut/Erth      4%         N/A       100%        6
 Summon Cactus Giant      Summ           3%         N/A       100%        6
 Dragon Form              Tmut           3%         N/A       100%        7
 Enfeeble                 Hex            3%         N/A       100%        7
 Malign Gateway           Summ/Tloc      3%         N/A       100%        7
 Summon Hydra             Summ           3%         N/A       100%        7
 Discord                  Hex            3%         N/A       100%        8
 Disjunction              Tloc           3%         N/A       100%        8
 Ignition                 Fire           3%         3d4       100%        8
 Lehudib's Crystal Spear  Conj/Erth      3%         10d3      100%        8
 Maxwell's Capacitive Co  Air            3%         ∞         100%        8
 Necromutation            Tmut/Necr      3%         N/A       100%        8
 Summon Horrible Things   Summ           3%         N/A       100%        8
 Chain Lightning          Conj/Air       3%         3d4       100%        9
 Dragon's Call            Summ           3%         N/A       100%        9
 Fire Storm               Conj/Fire      3%         8d1       100%        9
 Shatter                  Erth           3%         3d7*      100%        9


Dungeon Overview and Level Annotations

Branches:
Dungeon (1/1)

Altars:
Ashenzari
Cheibriados
Dithmenos
Elyvilon
Fedhas
Gozag
Hepliaklqana
Kikubaaqudgha
Makhleb
Nemelex Xobeh
Okawaru
Qazlal
Ru
Sif Muna
Trog
Uskayaw
Vehumet
Wu Jian
Xom
Yredelemnul
Zin
The Shining One
Jiyva
Lugonu


Innate Abilities, Weirdness & Mutations

You have a pair of horns on your head.
You reflexively headbutt those who attack you in melee.
You do not regenerate when monsters are visible.
Your spells are a little easier to cast, but a little less powerful.


Message History

The blast of magma engulfs the hellwing!!!
You kill the hellwing!
Qazlal accepts your kill.
The blast of magma engulfs the hellwing!!!
You kill the hellwing!
Qazlal accepts your kill.
You hear a sizzling sound!
The blast of magma engulfs the hellwing!!!
You kill the hellwing!
Qazlal accepts your kill.
Your Throwing skill increases to level 11!
Your Ice Magic skill increases to level 8!
You have reached level 22!
You start resting.
Unknown command.
You start resting.
Magic restored.
Unknown command.
You start waiting.
Unknown command.
Items here: )))) [[[.
Items here: )))) [.
Things that are here:
a +0 robe; a +0 tower shield
Items here: )))) [.
Okay, then.
Things that are here:
a +0 robe; a +0 tower shield
Items here: )))))))))) [[[[[[[[.
Items here: )))) [[[.
There is a staircase leading out of the dungeon, spattered with blood here.
Items here: ))))))) [[.
You feel more experienced!
Your Throwing skill increases to level 12!
Your Ice Magic skill increases to level 9!
You have reached level 23!
Unknown command.
Unknown command.
Unknown command.
You have escaped!

............▓~~▓.÷.~..~▓~~▓,,,8©8
.†..........▓~▓▓▓..~.~▓▓▓~▓,,,,,)
............▓..▓.~.~...▓~.▓,,|,,,
............▓{{{{{{{{{{{{{▓{,,,,,
...†......{{▓{{{{{{{{{{{{{▓{{,,,,
............▓▓▓▓▓▓▓▓▓▓▓▓▓▓▓{,,,,,
▓.......▓...▓8888888888888▓,{,,,,
.▓.....▓.▓..▓8....)[.....8▓,{,,,,
▓.......▓.{.▓8).@§°)..©..8▓,*,,,,
............▓8..○..[.)...8▓{,,,©,
....©......{▓8888888888888▓******
▓▓▓▓▓▓▓▓▓▓▓▓▓▓▓▓▓▓▓▓▓▓▓▓▓▓▓▓▓▓▓▓▓
.....8©8........▓...{.=.{8{8.....
.||)|)|:)){{={{.▓.|{|{....{{..).)
))..:/.....)[|).▓./....=.[.)./...
.|..|.../=.):)=.▓.[:..÷..=)[).).)
................▓...:...|..))[..)


There were no monsters in sight!

Vanquished Creatures
  2 seraphim (D)
  2 ancient liches (D)
  16 pandemonium lords (D)
  A shard shrike (D)
  A caustic shrike (D)
  2 profane servitors (D)
  A pearl dragon (D)
  A doom hound (D)
  A bone dragon (D)
  8 Tzitzimimeh (D)
  7 Brimstone Fiends (D)
  4 hellephants (D)
  10 Ice Fiends (D)
  A tentacled monstrosity (D)
  8 Hell Sentinels (D)
  38 Orb Guardians (D)
  11 deep elf blademasters (D)
  4 liches (D)
  A quicksilver dragon (D)
  6 titans (D)
  12 deep elf master archers (D)
  A tentacled starspawn (D)
  4 ancient champions (D)
  A storm dragon (D)
  4 Executioners (D)
  2 demonspawn warmongers (D)
  2 draconian monks (D)
  A nargun (D)
  7 fire giants (D)
  16 frost giants (D)
  2 daevas (D)
  10 deep elf sorcerers (D)
  2 balrugs (D)
  An iron dragon (D)
  2 draconian scorchers (D)
  3 quicksilver elementals (D)
  3 ghouls (D)
  2 draconian stormcallers (D)
  6 angels (D)
  11 cacodemons (D)
  5 war gargoyles (D)
  5 draconian annihilators (D)
  9 reapers (D)
  2 demonspawn corrupters (D)
  A demonspawn blood saint (D)
  5 stone giants (D)
  4 green draconians (D)
  8 black draconians (D)
  3 wendigos (D)
  6 deep elf annihilators (D)
  2 demonspawn black suns (D)
  8 purple draconians (D)
  6 white draconians (D)
  2 putrid mouths (D)
  10 red draconians (D)
  7 yellow draconians (D)
  3 lorocyprocas (D)
  3 iron golems (D)
  12 blizzard demons (D)
  12 ettins (D)
  4 merfolk javelineers (D)
  7 green deaths (D)
  4 fire dragons (D)
  A yaktaur captain (D)
  An entropy weaver (D)
  8 deep elf high priests (D)
  4 merfolk impalers (D)
  A mummy priest (D)
  A rakshasa (D)
  5 ice dragons (D)
  2 hell beasts (D)
  An alligator snapping turtle (D)
  A jorogumo (D)
  8 dancing weapons (D)
  2 merfolk aquamancers (D)
  2 centaur warriors (D)
  10 hell hogs (D)
  6 thrashing horrors (D)
  A vampire mage (D)
  2 crystal echidnas (D)
  9 soul eaters (D)
  A hell knight (D)
  8 sun demons (D)
  A fire crab (shapeshifter) (D)
  2 wretched stars (D)
  11 deep elf knights (D)
  2 pharaoh ants (D)
  12 sixfirhies (D)
  3 cherubim (D)
  10 shadow demons (D)
  3 glowing orange brains (D)
  A sea snake (D)
  6 deep elf archers (D)
  15 deep elf zephyrmancers (D)
  A manticore (D)
  12 deep elf pyromancers (D)
  A harpy (D)
  4 wolf spiders (D)
  A mana viper (D)
  2 toenail golems (D)
  An orc sorcerer (D)
  2 worldbinders (D)
  5 cyclopes (D)
  A moth of wrath (D)
  A merfolk siren (D)
  5 rust devils (D)
  A water nymph (D)
  3 demonic crawlers (D)
  9 hellions (D)
  14 smoke demons (D)
  2 gargoyles (D)
  An apocalypse crab (D)
  A torpor snail (D)
  22 orange demons (D)
  A cane toad (shapeshifter) (D)
  An unseen horror (D)
  3 efreet (D)
  5 freezing wraiths (D)
  5 yaktaurs (D)
  A kobold demonologist (D)
  A rime drake (D)
  6 tormentors (D)
  15 ice devils (D)
  2 merfolk (D)
  6 polar bears (D)
  16 hellwings (D)
  7 red devils (D)
  4 ancient zymes (D)
  2 hornets (D)
  5 wind drakes (D)
  A tarantella (D)
  5 raiju (D)
  3 flying skulls (D)
  3 jumping spiders (D)
  9 air elementals (D)
  10 ynoxinuls (D)
  17 small abominations (D)
  2 spriggans (D)
  A wraith (D)
  25 large abominations (D)
  A vampire (D)
  3 fire elementals (D)
  6 neqoxecs (D)
  7 chaos spawn (D)
  A water elemental (D)
  A hog (shapeshifter) (D)
  4 starcursed masses (D)
  8 golden eyes (D)
  4 redbacks (D)
  4 hell hounds (D)
  A floating eye (shapeshifter) (D)
  2 black bears (D)
  7 ice beasts (D)
  A centaur (D)
  A phantom (D)
  6 scorpions (D)
  A necrophage (D)
  5 earth elementals (D)
  A quasit (D)
  4 iron imps (D)
  4 mummies (D)
  6 white imps (D)
  2 ufetubi (D)
  An adder zombie (D)
  An adder simulacrum (D)
  4 bat skeletons (D)
  2 bat zombies (D)
  A ball python (D)
  4 ball python simulacra (D)
  5 ball python skeletons (D)
  3 ball python zombies (D)
  5 bat simulacra (D)
  2 giant cockroach simulacra (D)
  3 giant cockroach zombies (D)
  2 quokka simulacra (D)
  2 quokka skeletons (D)
  A quokka zombie (D)
  3 ball lightnings (D)
  5 fire vortices (D)
  A starspawn tentacle (D)
855 creatures vanquished.

Vanquished Creatures (others)
  7 Brimstone Fiends (D)
  2 Tzitzimimeh (D)
  A pandemonium lord (D)
  2 Ice Fiends (D)
  7 liches (D)
  8 Orb Guardians (D)
  2 Executioners (D)
  A daeva (D)
  6 balrugs (D)
  A demonspawn warmonger (D)
  3 cacodemons (D)
  3 demonspawn corrupters (D)
  2 reapers (D)
  2 demonspawn blood saints (D)
  A lorocyproca (D)
  7 green deaths (D)
  2 blizzard demons (D)
  2 rakshasas (D)
  3 hell beasts (D)
  11 hell hogs (D)
  20 sun demons (D)
  3 cherubim (D)
  4 soul eaters (D)
  14 sixfirhies (D)
  10 shadow demons (D)
  4 glowing orange brains (D)
  2 toenail golems (D)
  A demonic crawler (D)
  A guardian serpent (D)
  9 rust devils (D)
  2 smoke demons (D)
  12 orange demons (D)
  13 hellions (D)
  6 red devils (D)
  5 ice devils (D)
  6 tormentors (D)
  7 hellwings (D)
  23 large abominations (D)
  6 ynoxinuls (D)
  20 golden eyes (D)
  10 chaos spawn (D)
  9 neqoxecs (D)
  9 hell hounds (D)
  8 small abominations (D)
  A white imp (D)
  A bat (D)
  A quokka simulacrum (D)
  A starspawn tentacle (D)
281 creatures vanquished.

Grand Total: 1136 creatures vanquished

Notes
Turn   | Place    | Note
-------+----------+-------------------------------------------
     0 | D        | Groucho the Minotaur Fighter began the quest for the Orb.
     0 | D        | Reached XP level 1. HP: 19/19 MP: 0/0
    13 | D        | Found a shimmering blue altar of Sif Muna.
    13 | D        | Found a bloodstained altar of Trog.
    13 | D        | Found a sacrificial altar of Ru.
    13 | D        | Found a stormy altar of Qazlal.
    13 | D        | Found an iron altar of Okawaru.
    14 | D        | Found a sparkling altar of Nemelex Xobeh.
    14 | D        | Found a blossoming altar of Fedhas.
    14 | D        | Found the +6 Majin-Bo {spellvamp, MP+6 Int+6}
    14 | D        | Found the +27 heavy crossbow "Sniper" {heavy, Acc+∞ SInv}
    14 | D        | Found the +10 dark maul {heavy}
    14 | D        | Found the +15 Maxwell's patent armour {-Cast -Tele rElec
                  | Will+ rCorr}
    14 | D        | Found the +18 shield of the Gong {Loud rN+ Will+ rCorr
                  | EV-5}
    14 | D        | Found the +16 obsidian axe {drain, demonic, Mesm Drain Fly
                  | SInv}
    14 | D        | Found the +7 great mace "Firestarter" {flame, immolate,
                  | rFlCloud rF++}
    14 | D        | Found the +6 shillelagh "Devastator" {shatter}
    14 | D        | Found the +11 plutonium sword {Contam Stlth-}
    14 | D        | Found the +8 lance "Wyrmbane" {slay drac, rPois rF+ rC+
                  | AC+3}
    14 | D        | Found the +9 sword of Zonguldrok {reap}
    14 | D        | Found the +13 scythe of Curses {drain, curses, Drain}
    14 | D        | Found the +9 sword of Power {lifebolt}
    14 | D        | Found the +7 mace of Variability {chaos, chaos arc}
    14 | D        | Found the +11 Singing Sword {sonic wave}
    14 | D        | Found the +8 storm bow {elec, penet}
    16 | D        | Found a transporter.
    16 | D        | Found an ancient bone altar of Kikubaaqudgha.
    16 | D        | Found a viscous altar of Jiyva.
    16 | D        | Found a corrupted altar of Lugonu.
    16 | D        | Found a hazy altar of Hepliaklqana.
    16 | D        | Found a burning altar of Makhleb.
    16 | D        | Found an opulent altar of Gozag.
    74 | D        | Became a worshipper of Qazlal Stormbringer
    87 | D        | Entered arena 2.
    87 | D        | Noticed a necrophage
    87 | D        | Noticed a phantom
    87 | D        | Found a transporter.
    90 | D        | Killed a necrophage
    91 | D        | Reached skill level 5 in Fighting
    91 | D        | Reached skill level 5 in Armour
    91 | D        | Reached skill level 5 in Shields
    91 | D        | Reached XP level 2. HP: 29/29 MP: 0/3
    91 | D        | Reached XP level 3. HP: 36/36 MP: 0/4
    91 | D        | Killed a phantom
    92 | D        | Reached skill level 5 in Maces & Flails
    92 | D        | Reached XP level 4. HP: 45/45 MP: 0/6
   253 | D        | Entered arena 3.
   253 | D        | Found a transporter.
   256 | D        | Reached * piety under Qazlal
   257 | D        | Reached XP level 5. HP: 51/51 MP: 7/7
   258 | D        | Reached ** piety under Qazlal
   263 | D        | Got Tummy's Grimoire of Virulent Malevolent Spells
   266 | D        | Entered arena 4.
   266 | D        | Noticed a spriggan
   266 | D        | Noticed a black bear
   266 | D        | Noticed a spriggan
   266 | D        | Noticed a black bear
   266 | D        | Found a transporter.
   269 | D        | Killed a spriggan
   270 | D        | Reached skill level 5 in Invocations
   270 | D        | Reached XP level 6. HP: 61/61 MP: 7/9
   270 | D        | Killed a spriggan
   271 | D        | Reached XP level 7. HP: 70/70 MP: 7/11
   271 | D        | Reached *** piety under Qazlal
   304 | D        | Entered arena 5.
   304 | D        | Noticed an air elemental
   304 | D        | Noticed a +2 heavy mace
   304 | D        | Noticed a deep elf archer
   304 | D        | Noticed a deep elf zephyrmancer
   304 | D        | Found a transporter.
   306 | D        | Paralysed by an air elemental for 1 turns
   310 | D        | Killed a deep elf zephyrmancer
   311 | D        | Reached skill level 10 in Fighting
   311 | D        | Reached skill level 10 in Armour
   311 | D        | Reached skill level 10 in Shields
   311 | D        | Reached XP level 8. HP: 53/80 MP: 5/13
   311 | D        | Killed an air elemental
   311 | D        | Killed a +2 heavy mace
   311 | D        | Killed a deep elf archer
   312 | D        | Reached XP level 9. HP: 60/90 MP: 2/15
   708 | D        | Entered arena 6.
   708 | D        | Noticed a deep elf pyromancer
   708 | D        | Noticed a deep elf knight
   708 | D        | Noticed a deep elf zephyrmancer
   708 | D        | Found a transporter.
   708 | D        | Paralysed by an air elemental for 1 turns
   711 | D        | Reached **** piety under Qazlal
   712 | D        | Killed a deep elf knight
   713 | D        | Reached skill level 10 in Invocations
   715 | D        | Killed a deep elf zephyrmancer
   715 | D        | Killed a deep elf pyromancer
   716 | D        | Reached XP level 10. HP: 91/101 MP: 9/16
   742 | D        | Entered arena 7.
   742 | D        | Noticed a toenail golem
   742 | D        | Noticed a gargoyle
   742 | D        | Noticed a gargoyle
   742 | D        | Noticed a toenail golem
   749 | D        | Killed a toenail golem
   749 | D        | Killed a gargoyle
   749 | D        | Killed a gargoyle
   749 | D        | Killed a toenail golem
   751 | D        | Found a transporter.
   754 | D        | Reached ***** piety under Qazlal
   769 | D        | Entered arena 8.
   769 | D        | Noticed a wolf spider
   769 | D        | Noticed a wolf spider
   774 | D        | Killed a wolf spider
   777 | D        | Found a transporter.
   783 | D        | Killed a wolf spider
   797 | D        | Got the Anthology of Necrotic Topography
   850 | D        | Entered arena 9.
   850 | D        | Noticed a mummy priest
   855 | D        | Found a transporter.
   858 | D        | Killed a mummy priest
   875 | D        | Got Sif Muna's Elucidation of Befouled Space
  1093 | D        | Entered arena 10.
  1093 | D        | Paralysed by an air elemental for 1 turns
  1094 | D        | Reached ****** piety under Qazlal
  1095 | D        | Reached XP level 11. HP: 108/111 MP: 10/19
  1096 | D        | Reached skill level 15 in Fighting
  1096 | D        | Reached skill level 15 in Armour
  1096 | D        | Reached skill level 15 in Shields
  1098 | D        | Found a transporter.
  1372 | D        | Entered arena 11.
  1374 | D        | Reached skill level 15 in Maces & Flails
  1375 | D        | Found a transporter.
  1568 | D        | Entered arena 12.
  1568 | D        | Noticed a pharaoh ant
  1568 | D        | Noticed a wolf spider
  1568 | D        | Noticed a jorogumo
  1568 | D        | Noticed a pharaoh ant
  1568 | D        | Noticed an entropy weaver
  1569 | D        | Killed a pharaoh ant
  1569 | D        | Noticed a wolf spider
  1570 | D        | Killed a pharaoh ant
  1570 | D        | Killed a wolf spider
  1570 | D        | Killed an entropy weaver
  1570 | D        | Killed a wolf spider
  1576 | D        | Killed a jorogumo
  1841 | D        | Found a transporter.
  1867 | D        | Entered arena 13.
  1867 | D        | Noticed a titan
  1867 | D        | Noticed a nargun
  1867 | D        | Noticed a shard shrike
  1867 | D        | Noticed a wendigo
  1868 | D        | Paralysed by a wendigo for 1 turns
  1870 | D        | Killed a titan
  1870 | D        | Killed a nargun
  1870 | D        | Killed a wendigo
  1871 | D        | Reached XP level 12. HP: 50/125 MP: 4/21
  1871 | D        | Killed a shard shrike
  2273 | D        | Found a transporter.
  2295 | D        | Got Kagosm's Monograph on the Ironbound Atmosphere
  2304 | D        | Entered arena 14.
  2304 | D        | Noticed a storm dragon
  2304 | D        | Noticed a quicksilver dragon
  2305 | D        | Noticed a yellow draconian
  2305 | D        | Noticed a black draconian
  2305 | D        | Noticed a red draconian
  2305 | D        | Noticed a green draconian monk
  2305 | D        | Noticed a white draconian
  2305 | D        | Noticed a red draconian
  2305 | D        | Noticed a red draconian
  2305 | D        | Noticed a yellow draconian
  2306 | D        | Identified the +7 morningstar "Emyicioth" {heavy, Contam
                  | MP+9 Str+4}
  2306 | D        | Noticed a red draconian
  2308 | D        | Killed a red draconian
  2308 | D        | Killed a red draconian
  2308 | D        | Killed a yellow draconian
  2308 | D        | Killed a black draconian
  2308 | D        | Killed a green draconian monk
  2308 | D        | Killed a storm dragon
  2309 | D        | Reached skill level 15 in Invocations
  2312 | D        | Killed a quicksilver dragon
  2314 | D        | Killed a red draconian
  2315 | D        | Killed a red draconian
  2317 | D        | Killed a white draconian
  2318 | D        | Killed a yellow draconian
  2585 | D        | Found a transporter.
  2613 | D        | Entered arena 15.
  2613 | D        | Noticed a frost giant
  2614 | D        | Noticed a wendigo
  2614 | D        | Noticed a frost giant
  2614 | D        | Noticed a wendigo
  2616 | D        | Killed a wendigo
  2617 | D        | Reached XP level 13. HP: 80/136 MP: 6/23
  2617 | D        | Killed a wendigo
  2618 | D        | Killed a frost giant
  2618 | D        | Killed a frost giant
  2935 | D        | Found a transporter.
  2971 | D        | Entered arena 16.
  2971 | D        | Noticed a stone giant
  2972 | D        | Noticed a deep elf master archer
  2972 | D        | Found the dreamshard necklace {*Dream Drain}
  2972 | D        | Noticed a deep elf master archer
  2974 | D        | Killed a deep elf master archer
  2974 | D        | Killed a deep elf master archer
  2976 | D        | Killed a stone giant
  3131 | D        | Found a transporter.
  3177 | D        | Got Yhaliot's Directory of the Dynamic Gathering
  3211 | D        | Entered arena 17.
  3213 | D        | Noticed a deep elf master archer
  3214 | D        | Noticed a deep elf sorcerer
  3214 | D        | Noticed a deep elf master archer
  3214 | D        | Noticed a deep elf master archer
  3214 | D        | Found the +3 giant club "Skullcrusher" {speed, Str+7}
  3214 | D        | Identified the staff of poison "Leexzah" {Fragile rPois
                  | Will+ Int+2}
  3215 | D        | Killed a deep elf master archer
  3215 | D        | Killed a deep elf sorcerer
  3215 | D        | Killed a deep elf master archer
  3215 | D        | Identified the amulet "Dychel" {Faith +Blink}
  3215 | D        | Noticed a deep elf blademaster
  3216 | D        | Killed a deep elf master archer
  3221 | D        | Killed a deep elf blademaster
  3222 | D        | Reached XP level 14. HP: 130/151 MP: 1/25
  3222 | D        | Found a transporter.
  3705 | D        | Got the Quarto of Feathers and Terra Firma
  3723 | D        | Entered arena 18.
  3725 | D        | Noticed a fire giant
  3728 | D        | Noticed a fire giant
  3728 | D        | Noticed a fire giant
  3729 | D        | Killed a fire giant
  3730 | D        | Killed a fire giant
  3732 | D        | Noticed a fire giant
  3734 | D        | Killed a fire giant
  3735 | D        | Killed a fire giant
  3837 | D        | Found the ring of the Octopus King {HP+2 MP+9 AC+2 EV+2
                  | SH+2}
  3838 | D        | Found a transporter.
  3862 | D        | Got a ring of the Octopus King {HP+2 MP+9 AC+2 EV+2 SH+2}
  3872 | D        | Got The Joy of Spellwork
  3877 | D        | Entered arena 19.
  3880 | D        | Identified the +6 spear of Red Valour {heavy, Int+3}
  3880 | D        | Identified the +3 spear of Bicavoh {drain, rC+}
  3887 | D        | Reached skill level 5 in Dodging
  3888 | D        | Found a transporter.
  4058 | D        | Got the ring of Annuty {rC+ Will+ Str+6}
  4144 | D        | Entered arena 20.
  4147 | D        | Noticed a quicksilver elemental
  4147 | D        | Noticed a quicksilver elemental
  4147 | D        | Noticed a war gargoyle
  4147 | D        | Noticed a war gargoyle
  4147 | D        | Noticed a war gargoyle
  4148 | D        | Noticed a quicksilver elemental
  4148 | D        | Noticed an iron dragon
  4149 | D        | Noticed a caustic shrike
  4149 | D        | Noticed a war gargoyle
  4149 | D        | Noticed a war gargoyle
  4149 | D        | Noticed a Hell Sentinel
  4149 | D        | Noticed an ancient champion
  4149 | D        | Noticed an ancient champion
  4151 | D        | Killed a quicksilver elemental
  4151 | D        | Killed a war gargoyle
  4152 | D        | Killed a quicksilver elemental
  4152 | D        | Noticed an ancient champion
  4154 | D        | Killed a war gargoyle
  4155 | D        | Noticed a Hell Sentinel
  4155 | D        | Killed a quicksilver elemental
  4155 | D        | Noticed an ancient champion
  4156 | D        | Killed a war gargoyle
  4156 | D        | Killed a caustic shrike
  4156 | D        | Killed an ancient champion
  4156 | D        | Killed a war gargoyle
  4157 | D        | Reached XP level 15. HP: 140/163 MP: 20/27
  4157 | D        | Killed an iron dragon
  4157 | D        | Killed an ancient champion
  4159 | D        | Killed an ancient champion
  4172 | D        | Killed an ancient champion
  4179 | D        | Killed a Hell Sentinel
  4187 | D        | Killed a Hell Sentinel
  4192 | D        | Reached skill level 10 in Dodging
  4648 | D        | Found the +7 captain's cutlass {speed, disarm}
  4649 | D        | Found a transporter.
  4658 | D        | Got the amulet "Logiacun" {Reflect rC+ Dex+3 SH+5 Stlth+}
  4694 | D        | Entered arena 21.
  4697 | D        | Noticed a deep elf sorcerer
  4697 | D        | Noticed a deep elf sorcerer
  4698 | D        | Noticed a deep elf master archer
  4698 | D        | Noticed a deep elf blademaster
  4698 | D        | Noticed a deep elf sorcerer
  4698 | D        | Noticed a deep elf sorcerer
  4699 | D        | Killed a deep elf sorcerer
  4699 | D        | Killed a deep elf sorcerer
  4699 | D        | Killed a deep elf master archer
  4699 | D        | Killed a deep elf blademaster
  4699 | D        | Killed a deep elf sorcerer
  4700 | D        | Killed a deep elf sorcerer
  4700 | D        | Identified the +0 mace of the Fae God {elec, Will++ Int+3
                  | Dex+3 Stlth-}
  4701 | D        | Noticed a deep elf blademaster
  4702 | D        | Killed a deep elf sorcerer
  4702 | D        | Killed a deep elf sorcerer
  4703 | D        | Found the +5 Lochaber axe {reach-cleave, Poleaxe Drain}
  4704 | D        | Killed a deep elf blademaster
  4706 | D        | Found the +2 hood of the Assassin {Detect Stab+ Stlth++}
  4707 | D        | Found a transporter.
  4707 | D        | Found the +6 lightning scales {swift, rElec}
  4932 | D        | Entered arena 22.
  4935 | D        | Noticed a bone dragon
  4936 | D        | Noticed a doom hound
  4937 | D        | Killed a doom hound
  4941 | D        | Killed a bone dragon
  4946 | D        | Found the ring of the Tortoise {AC+8}
  4953 | D        | Found a transporter.
  4956 | D        | Reached XP level 16. HP: 179/179 MP: 17/29
  5031 | D        | Entered arena 23.
  5036 | D        | Noticed a titan
  5036 | D        | Identified the +2 battleaxe "Puitsuapn" {distort, Dex+2}
  5036 | D        | Identified the +8 long sword of Generosity {flame, rN+
                  | Str-3 Dex+4}
  5037 | D        | Noticed a titan
  5037 | D        | Noticed a titan
  5039 | D        | Noticed a titan
  5039 | D        | Noticed a titan
  5042 | D        | Killed a titan
  5042 | D        | Killed a titan
  5042 | D        | Killed a titan
  5043 | D        | Reached skill level 15 in Dodging
  5047 | D        | Killed a titan
  5049 | D        | Killed a titan
  5213 | D        | Found a transporter.
  5234 | D        | Got the amulet of the Thistle {RegenMP rPois Will+ Str+2}
  5243 | D        | Got the Elucidation of Left-Handed Ceremonies
  5383 | D        | Entered arena 24.
  5388 | D        | Identified the staff of earth "Arepoxt" {rElec}
  5389 | D        | Noticed Icofroic the pandemonium lord
  5389 | D        | Found the +8 arc blade {discharge, rElec}
  5391 | D        | Reached skill level 27 in Fighting
  5391 | D        | Reached skill level 27 in Maces & Flails
  5391 | D        | Reached skill level 27 in Armour
  5391 | D        | Reached skill level 27 in Shields
  5391 | D        | Killed Icofroic the pandemonium lord
  5764 | D        | Found a transporter.
  5824 | D        | Entered arena 25.
  5830 | D        | Identified the amulet "Beri" {Acrobat rElec rC++ Str+3
                  | Dex-3}
  5831 | D        | Identified the orb of Miracles {*channel, Slay+3}
  5831 | D        | Identified the ring of Qocoap {rPois rCorr Str+2 Dex+4}
  5831 | D        | Identified the +5 morningstar "Radamur" {freeze, rElec
                  | rCorr Str-4 Int+6}
  5832 | D        | Identified the +5 mace of Tapt {freeze, rN+ Str-4 Int+8
                  | SInv}
  5832 | D        | Identified the +5 spear of Zin's Benevolence {freeze,
                  | Fragile Dex+3 SInv}
  5833 | D        | Reached XP level 17. HP: 126/191 MP: 32/32
  5834 | D        | Reached skill level 27 in Invocations
  5836 | D        | Identified the +7 flail "Geagashan" {pain, rElec rPois
                  | Str+5}
  5839 | D        | Identified the +1 great sword "Giang" {drain, rCorr}
  6388 | D        | Found a transporter.
  6395 | D        | Got the Compilation of Amorphous Talus
  6469 | D        | Entered arena 26.
  6477 | D        | Identified the ring "Hajoduuj" {*Slow Fly rF- Str+5 Int+2}
  6478 | D        | Noticed a pearl dragon
  6480 | D        | Reached skill level 5 in Spellcasting
  6481 | D        | Killed a pearl dragon
  6482 | D        | Reached skill level 10 in Long Blades
  6484 | D        | Reached skill level 27 in Dodging
  6739 | D        | Found a transporter.
  6766 | D        | Got the Excursus on Transposition
  6785 | D        | Got the ring of the Monkey {rN+ rCorr Int+3 Stlth+}
  6923 | D        | Entered arena 27.
  6931 | D        | Noticed an Ice Fiend
  6932 | D        | Noticed an Ice Fiend
  6932 | D        | Found the +12 glaive of Prune {freeze, Prune}
  6933 | D        | Killed an Ice Fiend
  6933 | D        | Killed an Ice Fiend
  6934 | D        | Reached XP level 18. HP: 192/200 MP: 34/34
  6936 | D        | Found a transporter.
  7003 | D        | Got the Monograph on Shifting
  7008 | D        | Got the Elucidation of Cynicism
  7010 | D        | Got the amulet "Goczoy" {RegenMP +Inv}
  7057 | D        | Got Quefoips's Almanac of Liminal Transmogrification
  7057 | D        | Got Pischitou's Grimoire of Crystallized Shapeshifting
  7108 | D        | Got the Secrets of Variable Glaciation
  7153 | D        | Entered arena 28.
  7177 | D        | Identified the +0 robe of Chimes {*Slow rPois rC++ Str+3}
  7177 | D        | Identified the ring "Viuhism" {Wiz rF+ Will+ Dex+3}
  7178 | D        | Identified the +5 scale mail of Gaoled {rF++}
  7181 | D        | Identified the ring of Tongacal {Will+ Dex+2}
  7184 | D        | Paralysed by an air elemental for 1 turns
  7187 | D        | Identified the +5 long sword of War {flame, Fragile rF+
                  | rCorr Str+3}
  7189 | D        | Reached skill level 15 in Spellcasting
  7189 | D        | Identified the +4 war axe "Poghah" {holy, rElec Str+3 Dex-5
                  | SInv} (You took it off a deep elf annihilator in the
                  | Dungeon)
  7190 | D        | Identified the ring of Pujunypp {rPois Dex+3}
  7190 | D        | Identified the staff of death "Ymnok" {rN+ rCorr Int+3
                  | SInv}
  7201 | D        | Reached skill level 27 in Long Blades
  7376 | D        | Found a transporter.
  7411 | D        | Got the Handbook of Wanderlust and Spelunking
  7422 | D        | Got the +0 pair of gloves "Umumotoc" {Int+2}
  7443 | D        | Got the Enchiridion on Angles
  7509 | D        | Got the Orb of Zot
  7623 | D        | Noticed a profane servitor
  7640 | D        | Killed a profane servitor
  8061 | D        | Noticed an Orb Guardian
  8071 | D        | Killed an Orb Guardian
  8149 | D        | Noticed an Orb Guardian
  8152 | D        | Killed an Orb Guardian
  8290 | D        | Noticed a seraph
  8299 | D        | Killed a seraph
  8640 | D        | Noticed a Brimstone Fiend
  8654 | D        | Killed a Brimstone Fiend
  8655 | D        | Reached XP level 19. HP: 85/207 MP: 41/41
  8891 | D        | Noticed Pavybb the pandemonium lord
  8920 | D        | Killed Pavybb the pandemonium lord
  9463 | D        | Noticed a hellephant
  9473 | D        | Killed a hellephant
  9589 | D        | Reached skill level 1 in Polearms
  9954 | D        | Reached skill level 5 in Polearms
 10800 | D        | Noticed Fyuwuilo the pandemonium lord
 10800 | D        | Noticed an ancient lich
 10804 | D        | Killed Fyuwuilo the pandemonium lord
 10804 | D        | Killed an ancient lich
 11009 | D        | Noticed a Brimstone Fiend
 11011 | D        | Killed a Brimstone Fiend
 11901 | D        | Noticed Qion the pandemonium lord
 11915 | D        | Killed Qion the pandemonium lord
 11916 | D        | Reached skill level 5 in Unarmed Combat
 12327 | D        | Reached skill level 10 in Unarmed Combat
 12328 | D        | Reached skill level 15 in Polearms
 12732 | D        | Noticed a hellephant
 12735 | D        | Killed a hellephant
 13407 | D        | Noticed Xuti the pandemonium lord
 13407 | D        | Noticed an ancient lich
 13407 | D        | Killed an ancient lich
 13407 | D        | Killed Xuti the pandemonium lord
 13408 | D        | Reached skill level 15 in Unarmed Combat
 13998 | D        | Noticed Xotoowk the pandemonium lord
 14015 | D        | Killed Xotoowk the pandemonium lord
 14244 | D        | Noticed a Tzitzimitl
 14247 | D        | Killed a Tzitzimitl
 15521 | D        | Reached XP level 20. HP: 216/216 MP: 47/47
 16054 | D        | Noticed Daviwnudd the pandemonium lord
 16054 | D        | Killed Daviwnudd the pandemonium lord
 16595 | D        | Reached skill level 1 in Short Blades
 16629 | D        | Noticed Taozed the pandemonium lord
 16644 | D        | Killed Taozed the pandemonium lord
 16648 | D        | Reached skill level 5 in Short Blades
 17000 | D        | Noticed Loes the pandemonium lord
 17014 | D        | Killed Loes the pandemonium lord
 18072 | D        | Reached skill level 10 in Short Blades
 18180 | D        | Noticed Pealagitt the pandemonium lord
 18201 | D        | Killed Pealagitt the pandemonium lord
 19131 | D        | Noticed a seraph
 19135 | D        | Killed a seraph
 19694 | D        | Noticed Fouroes the pandemonium lord
 19694 | D        | Killed Fouroes the pandemonium lord
 20731 | D        | Reached skill level 27 in Polearms
 20929 | D        | Reached skill level 15 in Short Blades
 21620 | D        | Noticed Bumutufo the pandemonium lord
 21623 | D        | Killed Bumutufo the pandemonium lord
 22117 | D        | Reached skill level 1 in Stealth
 22688 | D        | Reached skill level 27 in Spellcasting
 23045 | D        | Reached skill level 5 in Stealth
 23130 | D        | Noticed Idymezorgh the pandemonium lord
 23130 | D        | Killed Idymezorgh the pandemonium lord
 23605 | D        | Reached XP level 21. HP: 224/224 MP: 51/51
 24054 | D        | Reached skill level 27 in Unarmed Combat
 24348 | D        | Reached skill level 10 in Stealth
 26092 | D        | Reached skill level 15 in Stealth
 27478 | D        | Gained mutation: Your spells are a little easier to cast,
                  | but a little less powerful. [a cacodemon]
 27809 | D        | Gained mutation: You do not regenerate when monsters are
                  | visible. [a neqoxec]
 27937 | D        | Noticed Dohig the pandemonium lord
 27975 | D        | Killed Dohig the pandemonium lord
 28017 | D        | Reached skill level 27 in Short Blades
 29139 | D        | Noticed Tumnuq the pandemonium lord
 29146 | D        | Killed Tumnuq the pandemonium lord
 30289 | D        | Noticed Ileduic the pandemonium lord
 30297 | D        | Killed Ileduic the pandemonium lord
 34835 | D        | Noticed a profane servitor
 34847 | D        | Killed a profane servitor
 36752 | D        | Reached skill level 27 in Stealth
 36889 | D        | Killed Amyr the pandemonium lord
 37076 | D        | Reached skill level 5 in Throwing
 37325 | D        | Reached skill level 5 in Ice Magic
 39386 | D        | Reached skill level 10 in Throwing
 39480 | D        | Reached XP level 22. HP: 233/233 MP: 52/52
 39530 | D        | Reached XP level 23. HP: 240/240 MP: 53/53
 39532 | D        | Escaped with the Orb!

Illustrated notes

Levels and vault maps discovered:
D:        sprint_v [room_start, room_1, room_2, room_3, room_4, room_5, room_6,
          room_7, room_8, room_9, room_10, room_11, room_12, room_13, room_14,
          room_15, room_16, room_17, room_18, room_19, room_20, room_21,
          room_22, room_23, room_24, room_25, room_26, room_27]

Skill      XL: |  1  2  3  4  5  6  7  8  9 10 11 12 13 14 15 16 17 18 19 20 21 22 |
---------------+-------------------------------------------------------------------+-----
Fighting       | 5 6 8 9 10 11 13 14 17 18 21 23 25 27 | 27.0
Maces & Flails | 4 5 7 8 9 11 12 14 16 18 21 23 25 27 | 27.0
Armour         | 5 6 8 9 10 11 13 14 17 18 21 23 25 27 | 27.0
Shields        | 5 6 8 9 10 11 13 14 17 18 21 23 25 27 | 27.0
Invocations    | 3 4 5 6 8 9 10 12 14 15 17 19 21 25 27 | 27.0
Dodging        | 8 13 21 27 | 27.0
Spellcasting   | 11 19 24 27 | 27.0
Long Blades    | 17 27 | 27.0
Polearms       | 21 27 | 27.0
Unarmed Combat | 19 26 27 | 27.0
Short Blades   | 18 27 | 27.0
Stealth        | 8 27 | 27.0
Throwing       | 11 12 | 12.0
Ice Magic      | 8 9 |  9.3

Action                     |  1- 3 |  4- 6 |  7- 9 | 10-12 | 13-15 | 16-18 | 19-21 | 22-24 || total
---------------------------+-------+-------+-------+-------+-------+-------+-------+-------++-------
  Melee: Shillelagh        |     3 |     6 |     7 |    45 |    51 |    77 |   198 |       ||   387
         Headbutt          |       |       |       |     5 |    13 |    27 |   300 |       ||   345
         Double sword      |       |       |       |       |       |    19 |   810 |       ||   829
         Eudemon blade     |       |       |       |       |       |       |    29 |       ||    29
 Invoke: Upheaval          |       |       |     5 |     9 |    24 |    22 |   139 |       ||   199
         Disaster Area     |       |       |       |    11 |    15 |    18 |    12 |       ||    56
  Evoke: Wand              |       |       |       |       |       |       |     2 |       ||     2
    Use: Potion            |       |       |       |       |     8 |     1 |     3 |     1 ||    13
   Stab: Invisible         |       |       |       |       |       |       |     1 |       ||     1
 Armour: Plate armour      |       |     1 |    11 |    25 |    19 |    12 |    54 |       ||   122
  Dodge: Dodged            |       |       |       |     2 |    12 |    28 |   150 |       ||   192
         Repelled          |       |       |       |       |     3 |     5 |     2 |       ||    10
  Block: Kite shield       |     6 |     4 |     7 |    64 |   101 |   126 |   867 |       ||  1175
         Reflection        |       |       |       |       |     7 |       |       |       ||     7
